 Dungeon Crawl Stone Soup version 0.27.1 (webtiles) character file.

Game seed: 8868930215255413531

24 comborobin the Grasshopper (level 2, -1/23 HPs)
             Began as a Palentonga Warper on Aug 24, 2021.
             Slain by a goblin (2 damage)
             ... on level 1 of the Dungeon.
             The game lasted 00:01:18 (874 turns).

comborobin the Grasshopper (Palentonga Warper)       Turns: 874, Time: 00:01:18

Health: -1/23      AC:  4    Str: 14    XL:     2   Next: 79%
Magic:  5/5        EV:  9    Int: 13    God:
Gold:   28         SH:  0    Dex:  9    Spells: 5/5 levels left

rFire    . . .     SeeInvis +     - Unarmed
rCold    . . .     Faith    .   (no shield)
rNeg     . . .     Spirit   .   a - +0 leather armour
rPois    .         Reflect  .   (no helmet)
rElec    .         Harm     .   (no cloak)
rCorr    .         Rampage  .   (no gloves)
Will     .....                  (no barding)
Stlth    +.........             (no amulet)
HPRegen  0.07/turn              (no ring)
MPRegen  0.09/turn              (no ring)

@: no status effects
A: large, rugged brown scales 3, see invisible, deformed body, roll 1, armoured
tail
a: Rolling Charge


You were on level 1 of the Dungeon.
You visited 1 branch of the dungeon, and saw 1 of its levels.

You collected 28 gold pieces.

Inventory:

Missiles
 c - 5 boomerangs of dispersal (quivered)
Armour
 a - a +0 leather armour (worn)
Scrolls
 b - a scroll of blinking
 e - a scroll of amnesia {unknown}
 f - a scroll of holy word {unknown}
 h - a scroll of fog {unknown}
 i - a scroll of torment {unknown}
Potions
 d - 2 potions of magic {unknown}
 g - a potion of attraction {unknown}


   Skills:
 + Level 2.2 Fighting
 + Level 0.6 Throwing
 + Level 0.9 Armour
 + Level 1.8 Dodging
 + Level 2.6 Unarmed Combat
 + Level 2.0 Spellcasting
 + Level 3.1 Translocations


You had 5 spell levels left.
You didn't know any spells.
Your spell library contained the following spells:

 Spells                   Type           Power      Damage    Failure   Level
 Blink                    Tloc           N/A        N/A       13%         2
 Gell's Gravitas          Tloc           4%         N/A       26%         3
 Lesser Beckoning         Tloc           4%         N/A       26%         3
 Teleport Other           Tloc           9%         N/A       26%         3
 Manifold Assault         Tloc           9%         N/A       93%         5


Dungeon Overview and Level Annotations

Branches:
Dungeon (1/15)

Altars:


Innate Abilities, Weirdness & Mutations

You are completely covered in rugged brown scales. (AC +3, +7% HP)
You have supernaturally acute eyesight. (SInv)
Armour fits poorly on your strangely shaped body.
You can roll at nearby foes to attack.
You have a long armoured tail.


Message History

The dart slug is heavily wounded.
The dart slug bites you.
* * * LOW HITPOINT WARNING * * *
The goblin hits you with a +0 dagger.
* * * LOW HITPOINT WARNING * * *
You are too injured to fight recklessly!
You hit the dart slug but do no damage.
The dart slug is heavily wounded.
The dart slug launches a dart at you. The slug dart misses you.
The goblin hits you but does no damage.
You are too injured to fight recklessly!
You are too injured to fight recklessly!
You barely miss the goblin. The goblin hits you but does no damage.
You are too injured to fight recklessly!
You are too injured to fight recklessly!
Unknown command.
You hit the dart slug.
The dart slug is severely wounded.
The dart slug launches a dart at you.
The slug dart hits you but does no damage.
The goblin closely misses you.
Unknown command.
Unknown command.
You hit the dart slug but do no damage.
The dart slug is severely wounded.
The dart slug misses you.
You hit the dart slug.
You kill the dart slug!
The goblin hits you but does no damage.
You hit the goblin.
Your tail-slap misses the goblin.
The goblin is moderately wounded.
The goblin hits you but does no damage.
You completely miss the goblin.
The goblin is moderately wounded.
The goblin hits you with a +0 dagger.
* * * LOW HITPOINT WARNING * * *
You miss the goblin.
The goblin is moderately wounded.
The goblin hits you with a +0 dagger.
You die...

###...#...##
###...#####..#
##...### ##.#
♣#♣#♣#♣..### #.#
#......### #.#
#♣.♣.♣†♣# #.#
#......# #.#
..♣.♣.♣.♣ #.#
#...g@# #####
####.#
♣#♣#♣.♣......
#....#
##..........
♣.♣..#
#...........
#.#.###
#...............
♣.♣...>
#.##............
#.#....
#............
♣.♣....
#............
#...###
#..........##
♣.♣.##.


You could see a goblin.

Vanquished Creatures
  A dart slug (D:1)
  A ball python (D:1)
  3 bats (D:1)
  2 endoplasms (D:1)
  A hobgoblin (D:1)
  2 quokkas (D:1)
  5 frilled lizards (D:1)
  4 goblins (D:1)
  A kobold (D:1)
  2 rats (D:1)
22 creatures vanquished.

Notes
Turn   | Place    | Note
-------+----------+-------------------------------------------
     0 | D:1      | comborobin the Palentonga Warper began the quest for the
                  | Orb.
     0 | D:1      | Reached XP level 1. HP: 17/17 MP: 3/3
   462 | D:1      | Reached XP level 2. HP: 23/23 MP: 5/5
   873 | D:1      | HP: 1/23 [goblin (1)]
   874 | D:1      | Slain by a goblin

Illustrated notes

Levels and vault maps discovered:
D:1:      dpeg_arrival_rooms_a, layout_rooms, serial_forest,
          infiniplex_forest_lined_4_way, infiniplex_forest_lined_2,
          infiniplex_forest_lined_1, infiniplex_forest_zigzag_1,
          infiniplex_forest_lined_3, infiniplex_forest_lined_room_2,
          shapermc_ecumenical_altar_mp_highgroup

Action                   || total
-------------------------++-------
Melee: Unarmed           ||    96
       Tailslap          ||     4
Armor: Leather armour    ||    49
Dodge: Dodged            ||    40
